 Dungeon Crawl Stone Soup version 0.25.1-2-g60ff931df9 (webtiles) character file.

Game seed: 1889380690417912007

2175 raphialitos the Poker (level 9, -4/67 HPs)
             Began as a Merfolk Skald on Oct 6, 2020.
             Was an Initiate of Nemelex Xobeh.
             Slain by an orc warrior
             ... wielding a +0 hand axe
              (17 damage)
             ... on level 8 of the Dungeon on Oct 7, 2020.
             The game lasted 00:26:46 (9487 turns).

raphialitos the Poker (Merfolk Skald)               Turns: 9487, Time: 00:26:47

Health: -4/67      AC: 12    Str:  9    XL:     9   Next: 32%
Magic:  9/15       EV: 12    Int: 20    God:    Nemelex Xobeh [......]
Gold:   252        SH:  0    Dex: 13    Spells: 8/16 levels left

rFire    . . .     SeeInvis .   w - +3 quarterstaff (chaos)
rCold    . . .     Gourm    .   (shield currently unavailable)
rNeg     + . .     Faith    .   A - +0 ring mail of Summer {rElec rN+ Str-4}
rPois    .         Spirit   .   (no helmet)
rElec    +         Reflect  .   G - +0 cloak
rCorr    .         Harm     .   B - +0 pair of gloves
MR       .....                  (no boots)
Stlth    ++........             (no amulet)
HPRegen  0.21/turn              y - +6 ring of intelligence
MPRegen  0.14/turn              n - +4 ring of protection

@: infused, singing
A: change form in water, swift swim, stealthy swim
a: Draw Escape, Draw Destruction, Draw Summoning, Renounce Religion


You were on level 8 of the Dungeon.
You worshipped Nemelex Xobeh.
Nemelex Xobeh was noncommittal.
You were not hungry.

You visited 2 branches of the dungeon, and saw 9 of its levels.

You collected 252 gold pieces.

Inventory:

Hand Weapons
 f - a +0 scythe
 w - a +3 quarterstaff of chaos (weapon)
Missiles
 c - 37 bolts
 h - 151 sling bullets
 l - 9 poisoned darts (quivered)
 o - 2 javelins
 p - 69 arrows
 x - 3 throwing nets
Armour
 b - a +0 leather armour
 A - the +0 ring mail of Summer (worn) {rElec rN+ Str-4}
   (You found it on level 7 of the Dungeon)

   It affects your strength (-4).
   It insulates you from electricity.
   It protects you from negative energy.
 B - a +0 pair of gloves (worn)
 G - a +0 cloak (worn)
 K - cursed -2 acid dragon scales
Jewellery
 g - an uncursed ring of fire
 n - a +4 ring of protection (right hand)
 y - a +6 ring of intelligence (left hand)
 E - an uncursed ring of fire
 I - an uncursed ring of resist corrosion
Wands
 t - a wand of disintegration (6)
 u - a wand of random effects (18)
Scrolls
 k - 2 scrolls of teleportation
 m - a scroll of immolation
 q - 5 scrolls of remove curse
 r - 3 scrolls of amnesia
Potions
 a - a potion of cancellation {unknown}
 i - 2 potions of lignification
 j - a potion of resistance
 s - 2 potions of might
 v - 3 potions of degeneration {unknown}
 z - a potion of magic
 D - a potion of mutation {unknown}
 F - 3 potions of invisibility
 H - a potion of brilliance {unknown}
Comestibles
 d - 13 rations
 C - 2 chunks of flesh


   Skills:
 + Level 4.9 Fighting
 + Level 7.1(8.4) Polearms
 + Level 3.9(4.7) Staves
 + Level 1.2 Throwing
 + Level 3.5 Armour
 + Level 5.5 Dodging
 + Level 3.1 Stealth
 + Level 4.2 Spellcasting
 + Level 5.5 Charms
 + Level 0.1 Translocations
 + Level 0.9 Ice Magic


You had 8 spell levels left.
You knew the following spells:

 Your Spells              Type           Power        Failure   Level  Hunger
a - Infusion              Chrm           ####         3%          1    None
b - Song of Slaying       Chrm           ####....     4%          2    #......
c - Shroud of Golubria    Chrm/Tloc      ###...       16%         2    #......
d - Ozocubu's Armour      Chrm/Ice       ###.....     26%         3    ###....

Your spell library contained the following spells:

 Spells                   Type           Power        Failure   Level  Hunger
 Apportation              Tloc           #.....       30%         1    None
 Animate Skeleton         Necr           N/A          32%         1    None
 Corona                   Hex            #......      32%         1    None
 Summon Small Mammal      Summ           #...         32%         1    None
 Spectral Weapon          Hex/Chrm       ###.....     32%         3    ###....
 Poisonous Vapours        Pois/Air       #.....       45%         2    #......
 Conjure Flame            Conj/Fire      #.......     69%         3    ###....
 Mephitic Cloud           Conj/Pois/Air  #.......     69%         3    ###....
 Freezing Cloud           Conj/Ice/Air   #.........   100%        6    #######
 Ring of Flames           Chrm/Fire      ###.......   100%        7    #######


Dungeon Overview and Level Annotations

Branches:
Dungeon (8/15)             Temple (1/1) D:6
   Lair: D:8-11

Altars:
Ashenzari
Cheibriados
Dithmenos
Fedhas
Gozag
Hepliaklqana
Kikubaaqudgha
Makhleb
Nemelex Xobeh
Okawaru
Qazlal
Ru
Sif Muna
Trog
Uskayaw
Vehumet
Wu Jian
Xom
Yredelemnul
Zin
The Shining One


Message History

The orc warrior barely misses you.
You sock the two-headed ogre!
The two-headed ogre is heavily wounded.
The two-headed ogre blinks!
The orc warrior barely misses you.
You barely miss the orc warrior. The orc warrior barely misses you.
The quokka bites you but does no damage.
You completely miss the orc warrior. The quokka bites you.
* * * LOW HITPOINT WARNING * * *
The orc warrior hits you but does no damage.
You hit the orc warrior.
The orc warrior seems to grow stronger.
The orc warrior is lightly wounded.
The quokka bites you but does no damage.
The orc warrior hits you but does no damage.
The quokka bites you.
* * * LOW HITPOINT WARNING * * *
You hit the orc warrior.
The orc warrior is moderately wounded.
The orc warrior hits you with a +0 hand axe!
You die...
Your body disappears without a glow.

#.# #.# #.#
#.########
#........#
#........#
#........#
##.......?##
#...@.......
#..ro###.##.
#...O. ...
#.....# ...
#.....# ##
#......
#......
....#..#


You could see a two-headed ogre (drained), an orc warrior (strong) and a quokka.

Vanquished Creatures
  Maggie (D:7)
  Grinder (D:6)
  Sigmund (D:3)
  A hungry ghost (D:7)
  2 sky beasts
  A hornet zombie (D:7)
  A phantom (D:6)
  2 ogres
  A centaur (D:4)
  2 bullfrogs (D:7)
  4 wights (D:6)
  2 howler monkeys (D:8)
  A crimson imp (D:7)
  2 hounds (D:7)
  Crazy Yiuf (D:5)
  An orc wizard (D:8)
  Natasha (twice) (D:4)
  An iguana (D:6)
  3 gnolls (D:6)
  9 adders
  An ooze (D:1)
  An adder skeleton (D:7)
  3 worms
  A dart slug (D:3)
  7 leopard geckos
  3 orcs (D:3)
  4 giant cockroaches
  6 goblins
  7 hobgoblins
  9 jackals
  9 kobolds
  4 quokkas
  A ball python (D:1)
  8 bats
  5 frilled lizards
  A jackal skeleton (D:7)
  6 rats
115 creatures vanquished.

Notes
Turn   | Place    | Note
-------+----------+-------------------------------------------
     0 | D:1      | raphialitos the Merfolk Skald began the quest for the Orb.
     0 | D:1      | Reached XP level 1. HP: 16/16 MP: 3/3
   258 | D:1      | Reached XP level 2. HP: 22/22 MP: 5/5
   443 | D:1      | Learned a level 2 spell: Song of Slaying
   452 | D:1      | Learned a level 2 spell: Shroud of Golubria
   736 | D:1      | Reached XP level 3. HP: 7/27 MP: 0/6
  1310 | D:2      | Reached skill level 4 in Polearms
  1494 | D:2      | Reached skill level 1 in Armour
  1500 | D:2      | Reached XP level 4. HP: 31/34 MP: 0/7
  1599 | D:2      | Found a faded altar of an unknown god.
  2393 | D:3      | Noticed Sigmund
  3346 | D:4      | Reached XP level 5. HP: 37/39 MP: 1/8
  3495 | D:4      | Noticed Natasha
  3505 | D:4      | Killed Natasha
  3665 | D:4      | Noticed a centaur
  3688 | D:4      | Killed a centaur
  3688 | D:4      | Reached skill level 5 in Polearms
  3688 | D:4      | Reached skill level 1 in Stealth
  4029 | D:4      | Learned a level 3 spell: Ozocubu's Armour
  4121 | D:3      | Reached XP level 6. HP: 44/46 MP: 9/9
  4320 | D:3      | Killed Sigmund
  5125 | D:4      | Noticed Natasha
  5133 | D:4      | Killed Natasha
  5133 | D:4      | Reached XP level 7. HP: 42/52 MP: 8/11
  5214 | D:5      | Entered Level 5 of the Dungeon
  5307 | D:5      | Reached skill level 6 in Polearms
  6257 | D:5      | Found a runed translucent door.
  6258 | D:5      | Noticed Crazy Yiuf
  6643 | D:5      | Killed Crazy Yiuf
  6957 | D:6      | Reached skill level 7 in Polearms
  6961 | D:6      | Reached XP level 8. HP: 21/60 MP: 5/12
  7253 | D:6      | Reached skill level 1 in Staves
  7507 | D:6      | Found a staircase to the Ecumenical Temple.
  7600 | D:6      | Noticed Grinder
  7617 | D:6      | Killed Grinder
  7617 | D:6      | Reached skill level 5 in Dodging
  7617 | D:6      | Reached skill level 5 in Charms
  7878 | Temple   | Entered the Ecumenical Temple
  7981 | Temple   | Became a worshipper of Nemelex Xobeh the Trickster
  8190 | D:7      | Reached skill level 1 in Throwing
  8212 | D:7      | Got a warped ring mail
  8222 | D:7      | Identified the +0 ring mail of Summer {rElec rN+ Str-4}
                  | (You found it on level 7 of the Dungeon)
  8502 | D:7      | Reached XP level 9. HP: 51/66 MP: 14/14
  8653 | D:7      | Received a gift from Nemelex Xobeh
  8654 | D:7      | Noticed Maggie
  8668 | D:7      | Killed Maggie
  9473 | D:8      | Noticed a two-headed ogre
  9487 | D:8      | Slain by an orc warrior

Illustrated notes

Levels and vault maps discovered:
D:1:      saegor_arrival_simple_c, layout_rooms, chequers_serial_rivers_micro_b,
          minivault_11
D:2:      layout_loops_ring, chequers_ecumenical_altar_island
D:3:      layout_loops_ring, kennysheep_decorative_pillar, uniq_sigmund
D:4:      layout_loops_corners, first_ration, cheibrodos_sewer_entry_bend,
          uniq_natasha
D:5:      layout_basic, uniq_crazy_yiuf_cottage
D:6:      layout_gridville, minmay_temple_entry_nine_rooms, uniq_grinder
D:7:      layout_basic, uniq_maggie
D:8:      minmay_ornate_pinched, layout_basic, elyvilon_altar_4,
          lair_entry_dummy, serial_shops, shop
Temple:   dpeg_three_leaves_temple

Skill      XL: |  1  2  3  4  5  6  7  8  9 |
---------------+----------------------------+-----
Dodging        | 3 4 5 |  5.5
Polearms       | 4 5 7 |  7.1
Armour         | 1 2 3 |  3.5
Charms         | 4 5 |  5.5
Stealth        | 1 3 |  3.1
Fighting       | 3 4 |  4.9
Spellcasting   | 3 4 |  4.2
Staves         | 3 |  3.9
Throwing       | 1 |  1.2
Translocations | |  0.1
Ice Magic      | |  0.9

Action                   |  1- 3 |  4- 6 |  7- 9 || total
-------------------------+-------+-------+-------++-------
Melee: Spear             |   104 |   190 |       ||   294
       Scythe            |       |    16 |    64 ||    80
       Quarterstaff      |       |       |   124 ||   124
Throw: Dart              |       |     2 |     6 ||     8
       Throwing net      |       |     2 |       ||     2
 Cast: Infusion          |    10 |    15 |    21 ||    46
       Song of Slaying   |     1 |     1 |     5 ||     7
       Shroud of Golubri |       |     5 |     1 ||     6
       Ozocubu's Armour  |       |     1 |     4 ||     5
Invok: Draw Destruction  |       |       |     1 ||     1
  Use: Scroll            |     7 |     1 |     8 ||    16
       Potion            |       |     2 |     3 ||     5
 Stab: Sleeping          |       |     2 |       ||     2
       Paralysed         |       |       |     3 ||     3
  Eat: Chunk             |     2 |    12 |    10 ||    24
       Ration            |       |       |     2 ||     2
Armor: Leather armour    |    28 |    95 |    61 ||   184
       Robe              |       |     1 |       ||     1
       Ring mail         |       |       |    26 ||    26
Dodge: Dodged            |    78 |   171 |   155 ||   404
